 Dungeon Sprint DCSS version 0.30-a0-737-gf23d94013f (webtiles) character file.

Game seed: 14143481429841532893

441 sircluck the Shield-Bearer (level 6, -6/68 HPs)
             Began as a Troll Fighter on Feb 2, 2023.
             Mangled by a deep troll (12 damage)
             ... in the Dungeon (Sprint I: "Red Sonja").
             The game lasted 00:02:36 (213 turns).

sircluck the Shield-Bearer (Troll Fighter)           Turns: 213, Time: 00:02:37

Health: -6/68      AC:  4    Str: 27    XL:     6   Next: 71%
Magic:  5/5        EV: 10    Int:  4    God:
Gold:   314        SH:  9    Dex:  9    Spells: 5/5 levels left

rFire   . . .      SeeInvis .      - Unarmed
rCold   . . .      Faith    .    b - +0 kite shield
rNeg    . . .      Spirit   .    a - +0 robe
rPois   .          Reflect  .    (helmet restricted)
rElec   .          Harm     .    (no cloak)
rCorr   .          Rampage  .    (gloves unavailable)
Will    .....      NoTele   +    (boots unavailable)
Stlth   +                        (no amulet)
HPRegen 1.11/turn                (no ring)
MPRegen 0.09/turn                (no ring)

@: mighty
A: large, unfitting armour, claws 3, regeneration 1, shaggy fur 1, tough skin 1
a: no special abilities


You were in the Dungeon.
You visited 1 branch You collected 314 gold pieces.

Inventory:

Hand Weapons
 l - a +0 spectral club
Missiles
 o - 10 stones (quivered)
Armour
 a - a +0 robe (worn)
 b - a +0 kite shield (worn)
Wands
 j - a wand of digging (1)
Scrolls
 i - a scroll of blinking
 m - a scroll of magic mapping {unknown}
 n - a scroll of summoning {unknown}
Potions
 d - a potion of curing
 f - a potion of haste
 g - 2 potions of magic
 h - a potion of berserk rage
 k - a potion of brilliance {unknown}


   Skills:
 + Level 6.5 Fighting
 + Level 6.8 Dodging
 + Level 7.9 Shields
 + Level 6.2 Unarmed Combat


You had 5 spell levels left.
You didn't know any spells.
Your spell library contained the following spells:

 Spells                   Type           Power      Damage    Failure   Level
 Olgreb's Toxic Radiance  Pois           0%         N/A       100%        4
 Ozocubu's Refrigeration  Ice            0%         4d7       100%        7
 Ignition                 Fire           0%         3d3       100%        8


Dungeon Overview and Level Annotations

Branches:
Dungeon (1/1)

Altars:
Cheibriados
Dithmenos
Elyvilon
Fedhas
Gozag
Hepliaklqana
Kikubaaqudgha
Nemelex Xobeh
Okawaru
Qazlal
Ru
Sif Muna
Trog
Uskayaw
Vehumet
Wu Jian
Yredelemnul
Zin
The Shining One

Shops:
D ([


Innate Abilities, Weirdness & Mutations

You are too large for most types of armour.
You have claws for hands.
Your natural rate of healing is unusually fast.
You are covered in fur. (AC +1)
You have tough skin. (AC +1)


Message History

o - 10 stones (gained 5)
You now have 314 gold pieces (gained 10).
There is an entrance to Kausev's Armour Emporium here.
You open the door.
A deep troll comes into view.
Found 108 gold pieces.
There is an open door here.
You claw the deep troll!
The deep troll is moderately wounded.
The deep troll bites you. The deep troll claws you. x2
You claw the deep troll!
The deep troll is heavily wounded.
The deep troll bites you!
The deep troll claws you but does no damage. x2
You scratch the deep troll.
The deep troll is heavily wounded.
The deep troll misses you. The deep troll claws you!
The deep troll closely misses you.
You closely miss the deep troll.
The deep troll is heavily wounded.
The deep troll barely misses you. You block the deep troll's attack.
The deep troll claws you!
You feel very mighty all of a sudden.
The deep troll bites you but does no damage.
The deep troll closely misses you. You block the deep troll's attack.
You claw the deep troll!
The deep troll is heavily wounded.
The deep troll bites you!!
* * * LOW HITPOINT WARNING * * *
You block the deep troll's attack.
The deep troll claws you but does no damage.
You feel much better. You block the deep troll's attack.
The deep troll claws you!
* * * LOW HITPOINT WARNING * * *
The deep troll claws you.
* * * LOW HITPOINT WARNING * * *
You claw the deep troll!
The deep troll is almost dead.
The deep troll closely misses you. The deep troll claws you!
You die...

####'#####'# #
###..#...#.####§§#
__####..##.#§§~§c
_____##'#_.+§§~§
_.∩...†..._#§~§.c
_..__##_.#'##+#####
_____###+#..[.[...#
###### ####+###.##
+$$.$T@.∩#
##########


You could see a deep troll.

Vanquished Creatures
  Sigmund (D)
  A yak (D)
  An ogre (D)
  A jelly (D)
  Ijyb (D)
5 creatures vanquished.

Notes
Turn   | Place    | Note
-------+----------+-------------------------------------------
     0 | D        | sircluck the Troll Fighter began the quest for the Orb.
     0 | D        | Reached XP level 1. HP: 22/22 MP: 0/0
     2 | D        | Noticed Ijyb
    17 | D        | Killed Ijyb
    18 | D        | Reached skill level 3 in Shields
    18 | D        | Reached XP level 2. HP: 29/31 MP: 1/1
    23 | D        | Noticed an ogre
    28 | D        | Killed an ogre
    29 | D        | Reached skill level 5 in Shields
    29 | D        | Reached XP level 3. HP: 12/40 MP: 2/2
    29 | D        | Reached XP level 4. HP: 15/49 MP: 3/3
    63 | D        | Noticed Sigmund
    69 | D        | Killed Sigmund
    70 | D        | Reached skill level 5 in Fighting
    70 | D        | Reached skill level 7 in Shields
    70 | D        | Reached skill level 5 in Unarmed Combat
    70 | D        | Reached XP level 5. HP: 48/59 MP: 4/4
    70 | D        | Reached XP level 6. HP: 54/67 MP: 5/5
    95 | D        | Found an ornate altar of the Wu Jian Council.
    95 | D        | Found a shimmering blue altar of Sif Muna.
    97 | D        | Found a radiant altar of Vehumet.
   111 | D        | Noticed a centaur warrior
   112 | D        | Noticed a centaur warrior
   137 | D        | Found Yho Quug's Antique Weapon Emporium.
   137 | D        | Found an ancient bone altar of Kikubaaqudgha.
   137 | D        | Found a hazy altar of Hepliaklqana.
   137 | D        | Found a stormy altar of Qazlal.
   137 | D        | Found a hide-covered altar of Uskayaw.
   137 | D        | Found a blossoming altar of Fedhas.
   137 | D        | Found a bloodstained altar of Trog.
   137 | D        | Found an iron altar of Okawaru.
   137 | D        | Found a basalt altar of Yredelemnul.
   137 | D        | Found a glowing golden altar of the Shining One.
   137 | D        | Found a snail-covered altar of Cheibriados.
   137 | D        | Found a sacrificial altar of Ru.
   137 | D        | Found a glowing silver altar of Zin.
   137 | D        | Found a shadowy altar of Dithmenos.
   137 | D        | Found a white marble altar of Elyvilon.
   137 | D        | Noticed a yak
   147 | D        | Killed a yak
   148 | D        | Found an opulent altar of Gozag.
   149 | D        | Found a sparkling altar of Nemelex Xobeh.
   194 | D        | Found Kausev's Armour Emporium.
   204 | D        | Noticed a deep troll
   211 | D        | HP: 3/68 [deep troll (22)]
   213 | D        | Mangled by a deep troll

Illustrated notes

Levels and vault maps discovered:
D:        dungeon_sprint_1 [red_sonja_temple_1, red_sonja_temple_small_1]

Skill      XL: |  1  2  3  4  5  6 |
---------------+-------------------+-----
Fighting       | 3 4 5 6 |  6.5
Dodging        | 3 4 6 |  6.8
Shields        | 3 5 7 |  7.9
Unarmed Combat | 3 5 6 |  6.2

Action                     |  1- 3 |  4- 6 || total
---------------------------+-------+-------++-------
  Melee: Unarmed           |    18 |    25 ||    43
  Evoke: Wand              |       |     1 ||     1
    Use: Potion            |       |     2 ||     2
 Armour: Robe              |     1 |     9 ||    10
  Dodge: Dodged            |     6 |     7 ||    13
  Block: Kite shield       |     8 |     7 ||    15

Table legend: (Time is in decaauts)
 A = Elapsed time spent in this place.
 B = Non-inter-level travel time spent in this place.
 C = Inter-level travel time spent in this place.
 D = Time resting spent in this place.
 E = Time spent auto-exploring this place.
 F = Levels seen in this place.
 G = Mean time per level.
                   A        B        C        D        E       F      G
               +--------+--------+--------+--------+--------+-----+--------+
         Total |    215 |    215 |      0 |     50 |      6 |   1 |  215.0 |
       Dungeon |    215 |    215 |      0 |     50 |      6 |   1 |  215.0 |
               +--------+--------+--------+--------+--------+-----+--------+

Top non-repeatable levels by time:
       D: 215 daAuts
